| TOP OF THE 1ST |
|
Seattle Mariners batting - Pitching for Houston Astros : RHP Salisbury Swanson
|
|
Pitching: RHP Salisbury Swanson
|
|
|
Batting: LHB Dae-ik Yoon
|
0-0: Called Strike 0-1: Ball 1-1: Ball 2-1: Foul Ball, location: 2F 2-2: Ball 3-2: Foul Ball, location: 2F 3-2: SINGLE (Line Drive, 7LS, EV 106.9 MPH)
|
|
Batting: RHB Jose Vasquez
|
0-0: Ball 1-0: Fly out, F7 (Flyball, 7, EV 97.5 MPH)
|
|
Batting: SHB Floyd-William Goof
|
0-0: Called Strike 0-1: Called Strike 0-2: Foul Ball, location: 2F 0-2: Ball 1-2: Foul Ball, location: 2F 1-2: Strikes out swinging
|
|
Batting: SHB Robbie Rogers
|
0-0: Ball 1-0: Swinging Strike 1-1: Ball 2-1: Fly out, F7 (Flyball, 78S, EV 78.1 MPH)
|
| Top of the 1st over - 0 runs, 1 hit, 0 errors, 1 left on base; Seattle 0 - Houston 0 |
| BOTTOM OF THE 1ST |
|
Houston Astros batting - Pitching for Seattle Mariners : RHP Bas Kooy
|
|
Pitching: RHP Bas Kooy
|
|
|
Batting: RHB Jesse Scott
|
0-0: Called Strike 0-1: Ball 1-1: Ball 2-1: Ball 3-1: Ground out 5-3 (Groundball, 56S, EV 84.4 MPH)
|
|
Batting: LHB Eric Katz
|
0-0: Called Strike 0-1: Called Strike 0-2: Fly out, F9 (Line Drive, 9, EV 101.9 MPH)
|
|
Batting: SHB Jason Woods
|
0-0: Ball 1-0: Ground out 6-3 (Groundball, 6M, EV 109.4 MPH)
|
| Bottom of the 1st over - 0 runs, 0 hits, 0 errors, 0 left on base; Seattle 0 - Houston 0 |
| TOP OF THE 2ND |
|
Seattle Mariners batting - Pitching for Houston Astros : RHP Salisbury Swanson
|
|
Batting: RHB Pavpv Ivanushkin
|
0-0: Ball 1-0: Ground out 3-1 (Groundball, 13, EV 83.8 MPH)
|
|
Batting: RHB Harutomi Matsubara
|
0-0: Fly out, F4 (Popup, 4, EV 79.4 MPH)
|
|
Batting: RHB Corey Ottinger
|
0-0: Ball 1-0: Swinging Strike 1-1: Foul Ball, location: 2F 1-2: Strikes out swinging
|
| Top of the 2nd over - 0 runs, 0 hits, 0 errors, 0 left on base; Seattle 0 - Houston 0 |
| BOTTOM OF THE 2ND |
|
Houston Astros batting - Pitching for Seattle Mariners : RHP Bas Kooy
|
|
Batting: LHB Jack Christie
|
0-0: Foul Ball, location: 2F 0-1: Ball 1-1: Foul Ball, location: 2F 1-2: SOLO HOME RUN (Flyball, 9D, EV 98.8 MPH), Distance : 385 ft
|
|
Batting: RHB Jeremy Trump
|
0-0: Ball 1-0: Called Strike 1-1: Ball 2-1: Swinging Strike 2-2: Foul Ball, location: 2F 2-2: Foul Ball, location: 2F 2-2: SINGLE (Groundball, 56, EV 101.2 MPH) (infield hit)
|
|
Batting: RHB Chris Lane
|
0-0: Ball Jeremy Trump steals 2nd base (no throw) 1-0: Ball 2-0: Called Strike 2-1: Fly out, F9 (Flyball, 9, EV 88.8 MPH)
|
|
Batting: LHB Bryce Hill
|
0-0: Ball 1-0: Called Strike 1-1: Called Strike 1-2: Foul Ball, location: 2F 1-2: Strikes out swinging
|
|
Batting: RHB Eric Chotkowski
|
0-0: Called Strike 0-1: Ball 1-1: Swinging Strike 1-2: Strikes out swinging
|
| Bottom of the 2nd over - 1 run, 2 hits, 0 errors, 1 left on base; Seattle 0 - Houston 1 |
| TOP OF THE 3RD |
|
Seattle Mariners batting - Pitching for Houston Astros : RHP Salisbury Swanson
|
|
Batting: LHB Jerrod Cluck
|
0-0: Ball 1-0: Called Strike 1-1: Ball 2-1: Foul Ball, location: 2F 2-2: Fly out, F9 (Flyball, 9, EV 89.4 MPH)
|
|
Batting: RHB Young-kwang Ohnn
|
0-0: Ball 1-0: Ball 2-0: Ball 3-0: Base on Balls
|
|
Batting: LHB Dae-ik Yoon
|
0-0: Swinging Strike 0-1: Called Strike 0-2: Ball 1-2: Strikes out swinging
|
|
Batting: RHB Jose Vasquez
|
0-0: Ball 1-0: Called Strike 1-1: Ball 2-1: Foul Ball, location: 2F 2-2: Foul Ball, location: 2F 2-2: Ball 3-2: Foul Ball, location: 2F 3-2: Base on Balls Young-kwang Ohnn to second
|
|
Batting: SHB Floyd-William Goof
|
0-0: Called Strike 0-1: Swinging Strike 0-2: Strikes out swinging
|
| Top of the 3rd over - 0 runs, 0 hits, 0 errors, 2 left on base; Seattle 0 - Houston 1 |
| BOTTOM OF THE 3RD |
|
Houston Astros batting - Pitching for Seattle Mariners : RHP Bas Kooy
|
|
Batting: RHB Mark Marks
|
0-0: Ball 1-0: Swinging Strike 1-1: Ball 2-1: Foul Ball, location: 2F 2-2: Foul Ball, location: 2F 2-2: Ball 3-2: Foul Ball, location: 2F 3-2: Strikes out looking
|
|
Batting: RHB Jesse Scott
|
0-0: Swinging Strike 0-1: Ball 1-1: Ball 2-1: Foul Ball, location: 2F 2-2: Foul Ball, location: 2F 2-2: Ground out 5-3 (Groundball, 56S, EV 80.0 MPH)
|
|
Batting: LHB Eric Katz
|
0-0: Ball 1-0: Ground out 5-3 (Groundball, 56S, EV 85.6 MPH)
|
| Bottom of the 3rd over - 0 runs, 0 hits, 0 errors, 0 left on base; Seattle 0 - Houston 1 |
| TOP OF THE 4TH |
|
Seattle Mariners batting - Pitching for Houston Astros : RHP Salisbury Swanson
|
|
Batting: SHB Robbie Rogers
|
0-0: Foul Ball, location: 2F 0-1: Foul Ball, location: 2F 0-2: Ball 1-2: Ball 2-2: Foul Ball, location: 2F 2-2: Strikes out looking
|
|
Batting: RHB Pavpv Ivanushkin
|
0-0: Ball 1-0: Called Strike 1-1: Foul Ball, location: 2F 1-2: Foul Ball, location: 2F 1-2: Strikes out swinging
|
|
Batting: RHB Harutomi Matsubara
|
0-0: Called Strike 0-1: Called Strike 0-2: Ball 1-2: Ball 2-2: Ball 3-2: SINGLE (Line Drive, 3L, EV 101.9 MPH)
|
|
Batting: RHB Corey Ottinger
|
0-0: Fielders Choice at 2nd, 6-4 (Groundball, 56, EV 81.2 MPH)
|
| Top of the 4th over - 0 runs, 1 hit, 0 errors, 1 left on base; Seattle 0 - Houston 1 |
| BOTTOM OF THE 4TH |
|
Houston Astros batting - Pitching for Seattle Mariners : RHP Bas Kooy
|
|
Batting: SHB Jason Woods
|
0-0: Fly out, F5 (Line Drive, 6, EV 70.0 MPH)
|
|
Batting: LHB Jack Christie
|
0-0: Called Strike 0-1: Ball 1-1: Called Strike 1-2: Ground out 5-3 (Groundball, 56, EV 81.9 MPH)
|
|
Batting: RHB Jeremy Trump
|
0-0: Ball 1-0: Foul Ball, location: 2F 1-1: Fly out, F6 (Popup, 6D, EV 61.9 MPH)
|
| Bottom of the 4th over - 0 runs, 0 hits, 0 errors, 0 left on base; Seattle 0 - Houston 1 |
| TOP OF THE 5TH |
|
Seattle Mariners batting - Pitching for Houston Astros : RHP Salisbury Swanson
|
|
Batting: LHB Jerrod Cluck
|
0-0: Ball 1-0: Called Strike 1-1: Ball 2-1: Ball 3-1: SINGLE (Line Drive, 5D, EV 93.8 MPH)
|
|
Batting: RHB Young-kwang Ohnn
|
0-0: SINGLE (Groundball, 6, EV 98.1 MPH) Jerrod Cluck to second
|
|
Batting: LHB Dae-ik Yoon
|
0-0: Ball Wild Pitch! Jerrod Cluck to third Young-kwang Ohnn to second 1-0: Called Strike 1-1: Called Strike 1-2: Ball 2-2: Ball 3-2: Base on Balls
|
|
Batting: RHB Jose Vasquez
|
0-0: Foul Ball, location: 2F 0-1: Ball 1-1: Fly out, F8 (Flyball, 8LXD, EV 86.9 MPH) Runner from 3rd tags up, SCORES, no throw by CF
|
|
Batting: SHB Floyd-William Goof
|
0-0: Called Strike 0-1: Fly out, F8 (Flyball, 8LD, EV 84.4 MPH)
|
|
Batting: SHB Robbie Rogers
|
0-0: Swinging Strike 0-1: Ball 1-1: Foul Ball, location: 2F 1-2: Fly out, F6 (Popup, 6M, EV 71.2 MPH)
|
| Top of the 5th over - 1 run, 2 hits, 0 errors, 2 left on base; Seattle 1 - Houston 1 |
| BOTTOM OF THE 5TH |
|
Houston Astros batting - Pitching for Seattle Mariners : RHP Bas Kooy
|
|
Batting: RHB Chris Lane
|
0-0: Foul Ball, location: 2F 0-1: Foul Ball, location: 2F 0-2: Foul Ball, location: 2F 0-2: Ball 1-2: Ball 2-2: Strikes out swinging
|
|
Batting: LHB Bryce Hill
|
0-0: Called Strike 0-1: Ball 1-1: SINGLE (Line Drive, 56D, EV 99.4 MPH)
|
|
Batting: RHB Eric Chotkowski
|
0-0: Called Strike 0-1: Fly out, F8 (Flyball, 8RD, EV 79.4 MPH)
|
|
Batting: RHB Mark Marks
|
0-0: Ball 1-0: Foul Ball, location: 2F 1-1: Foul Ball, location: 2F 1-2: Strikes out swinging
|
| Bottom of the 5th over - 0 runs, 1 hit, 0 errors, 1 left on base; Seattle 1 - Houston 1 |
| TOP OF THE 6TH |
|
Seattle Mariners batting - Pitching for Houston Astros : RHP Salisbury Swanson
|
|
Batting: RHB Pavpv Ivanushkin
|
0-0: Ball 1-0: Foul Ball, location: 2F 1-1: Fly out, F8 (Flyball, 8RD, EV 95.0 MPH)
|
|
Batting: RHB Harutomi Matsubara
|
0-0: Ball 1-0: Called Strike 1-1: Ball 2-1: Called Strike 2-2: Ground out 6-3 (Groundball, 6, EV 90.0 MPH)
|
|
Batting: RHB Corey Ottinger
|
0-0: Ball 1-0: Called Strike 1-1: Ground out 1-3 (Groundball, 34S, EV 71.2 MPH)
|
| Top of the 6th over - 0 runs, 0 hits, 0 errors, 0 left on base; Seattle 1 - Houston 1 |
| BOTTOM OF THE 6TH |
|
Houston Astros batting - Pitching for Seattle Mariners : RHP Bas Kooy
|
|
Batting: RHB Jesse Scott
|
0-0: Ball 1-0: Ball 2-0: Called Strike 2-1: Foul Ball, location: 2F 2-2: Foul Ball, location: 2F 2-2: Fly out, F8 (Flyball, 8RXD, EV 88.1 MPH)
|
|
Batting: LHB Eric Katz
|
0-0: Called Strike 0-1: Ball 1-1: Ball 2-1: Foul Ball, location: 2F 2-2: Foul Ball, location: 2F 2-2: Fly out, F8 (Flyball, 8RM, EV 95.6 MPH)
|
|
Batting: SHB Jason Woods
|
0-0: Called Strike 0-1: SINGLE (Line Drive, 9LS, EV 93.1 MPH)
|
|
Batting: LHB Jack Christie
|
0-0: Foul Ball, location: 2F 0-1: Ball 1-1: Called Strike 1-2: Ground out 5-3 (Groundball, 56S, EV 64.4 MPH)
|
| Bottom of the 6th over - 0 runs, 1 hit, 0 errors, 1 left on base; Seattle 1 - Houston 1 |
| TOP OF THE 7TH |
|
Seattle Mariners batting - Pitching for Houston Astros : RHP Salisbury Swanson
|
|
Batting: LHB Jerrod Cluck
|
0-0: Ground out 6-3 (Groundball, 6, EV 107.5 MPH)
|
|
Batting: RHB Young-kwang Ohnn
|
0-0: Ball 1-0: Called Strike 1-1: Called Strike 1-2: Ball 2-2: Fly out, F8 (Flyball, 8RM, EV 76.2 MPH)
|
|
Batting: LHB Dae-ik Yoon
|
0-0: Ball 1-0: Called Strike 1-1: Foul Ball, location: 2F 1-2: Ball 2-2: Ball 3-2: Ground out 6-3 (Groundball, 6, EV 88.8 MPH)
|
| Top of the 7th over - 0 runs, 0 hits, 0 errors, 0 left on base; Seattle 1 - Houston 1 |
| BOTTOM OF THE 7TH |
|
Houston Astros batting - Pitching for Seattle Mariners : RHP Bas Kooy
|
|
Batting: RHB Jeremy Trump
|
0-0: Ball 1-0: Fly out, F8 (Flyball, 8RS, EV 65.6 MPH)
|
|
Batting: RHB Chris Lane
|
0-0: Ground out 6-3 (Groundball, 6, EV 91.9 MPH)
|
|
Batting: LHB Bryce Hill
|
0-0: Called Strike 0-1: Ball 1-1: Ground out 4-3 (Groundball, 4, EV 92.5 MPH)
|
| Bottom of the 7th over - 0 runs, 0 hits, 0 errors, 0 left on base; Seattle 1 - Houston 1 |
| TOP OF THE 8TH |
|
Seattle Mariners batting - Pitching for Houston Astros : RHP Salisbury Swanson
|
|
Pitching: LHP Brian Thomas
|
|
|
Batting: RHB Jose Vasquez
|
0-0: Called Strike 0-1: Ball 1-1: Ball 2-1: Fly out, F7 (Line Drive, 7, EV 109.4 MPH)
|
|
Batting: SHB Floyd-William Goof
|
0-0: Ball 1-0: Ground out 4-3 (Groundball, 4, EV 95.6 MPH)
|
|
Batting: SHB Robbie Rogers
|
0-0: Called Strike 0-1: Called Strike 0-2: SINGLE (Groundball, 34D, EV 82.5 MPH) (infield hit)
|
|
Batting: RHB Pavpv Ivanushkin
|
0-0: Called Strike 0-1: Called Strike 0-2: Foul Ball, location: 2F 0-2: SINGLE (Line Drive, 56D, EV 110.0 MPH) Robbie Rogers to second Runner from 2nd tries for 3rd, SAFE, throw by LF made to third
|
|
Batting: RHB Harutomi Matsubara
|
0-0: Swinging Strike 0-1: Ball 1-1: Called Strike 1-2: Ball 2-2: Strikes out swinging
|
| Top of the 8th over - 0 runs, 2 hits, 0 errors, 2 left on base; Seattle 1 - Houston 1 |
| BOTTOM OF THE 8TH |
|
Houston Astros batting - Pitching for Seattle Mariners : RHP Bas Kooy
|
|
Pitching: RHP William de Jesus
|
|
|
Batting: RHB Eric Chotkowski
|
0-0: SINGLE (Groundball, 6MS, EV 71.2 MPH) (infield hit)
|
|
Batting: RHB Mark Marks
|
0-0: Called Strike 0-1: Sac Bunt to 5S - play at first, batter OUT! 5-3 Eric Chotkowski to second
|
|
Pinch Hitting: SHB Rich Chavez
|
0-0: Called Strike 0-1: Foul Ball, location: 2F 0-2: Ball 1-2: Foul Ball, location: 2F 1-2: Strikes out swinging
|
|
Batting: LHB Eric Katz
|
0-0: Foul Ball, location: 2F 0-1: Ball 1-1: Foul Ball, location: 2F 1-2: Foul Ball, location: 2F 1-2: Ball 2-2: Strikes out looking
|
| Bottom of the 8th over - 0 runs, 1 hit, 0 errors, 1 left on base; Seattle 1 - Houston 1 |
| TOP OF THE 9TH |
|
Seattle Mariners batting - Pitching for Houston Astros : LHP Brian Thomas
|
|
Now at 2B: Rich Chavez
|
|
|
Now at SS: Jeremy Trump
|
|
|
Batting: RHB Corey Ottinger
|
0-0: Foul Ball, location: 2F 0-1: Called Strike 0-2: Ball 1-2: Foul Ball, location: 2F 1-2: Ball 2-2: Ball 3-2: Ground out 4-3 (Groundball, 4MD, EV 101.9 MPH)
|
|
Batting: LHB Jerrod Cluck
|
0-0: Ball 1-0: Ball 2-0: Swinging Strike 2-1: Ball 3-1: Called Strike 3-2: Strikes out looking
|
|
Batting: RHB Young-kwang Ohnn
|
0-0: Ball 1-0: Swinging Strike 1-1: Swinging Strike 1-2: Strikes out swinging
|
| Top of the 9th over - 0 runs, 0 hits, 0 errors, 0 left on base; Seattle 1 - Houston 1 |
| BOTTOM OF THE 9TH |
|
Houston Astros batting - Pitching for Seattle Mariners : RHP William de Jesus
|
|
Pitching: LHP Lance Crumpton
|
|
|
Batting: SHB Jason Woods
|
0-0: Ground out 5-3 (Groundball, 5S, EV 86.2 MPH)
|
|
Batting: RHB Danny Merrill
|
0-0: Called Strike 0-1: Foul Ball, location: 2F 0-2: Ball 1-2: Foul Ball, location: 2F 1-2: Foul Ball, location: 2F 1-2: Strikes out swinging
|
|
Batting: RHB Jeremy Trump
|
0-0: Ball 1-0: Called Strike 1-1: Ball 2-1: Ball 3-1: Called Strike 3-2: Foul Ball, location: 2F 3-2: Ground out 6-3 (Groundball, 6, EV 80.6 MPH)
|
| Bottom of the 9th over - 0 runs, 0 hits, 0 errors, 0 left on base; Seattle 1 - Houston 1 |
| TOP OF THE 10TH |
|
Seattle Mariners batting - Pitching for Houston Astros : LHP Brian Thomas
|
|
Pitching: RHP Aaron Shapiro
|
|
|
Batting: LHB Dae-ik Yoon
|
0-0: Ball 1-0: Called Strike 1-1: Called Strike 1-2: Fly out, F9 (Line Drive, 9S, EV 100.6 MPH)
|
|
Batting: RHB Jose Vasquez
|
0-0: Ball 1-0: Foul Ball, location: 2F 1-1: Ground out 6-3 (Groundball, 56, EV 83.8 MPH)
|
|
Batting: SHB Floyd-William Goof
|
0-0: Ball 1-0: Called Strike 1-1: Ball 2-1: Ball 3-1: DOUBLE (Line Drive, 5D, EV 96.9 MPH)
|
|
Batting: SHB Robbie Rogers
|
0-0: Intentional Walk
|
|
Batting: RHB Pavpv Ivanushkin
|
0-0: Fly out, F7 (Flyball, 7S, EV 91.9 MPH)
|
| Top of the 10th over - 0 runs, 1 hit, 0 errors, 2 left on base; Seattle 1 - Houston 1 |
| BOTTOM OF THE 10TH |
|
Houston Astros batting - Pitching for Seattle Mariners : LHP Lance Crumpton
|
|
Batting: RHB Chris Lane
|
0-0: Ball 1-0: Ball 2-0: Foul Ball, location: 2F 2-1: Ball 3-1: Base on Balls
|
|
Batting: LHB Bryce Hill
|
0-0: Called Strike 0-1: Ball 1-1: Foul Ball, location: 2F 1-2: Foul Ball, location: 2F 1-2: Foul Ball, location: 2F 1-2: Foul Ball, location: 2F 1-2: Foul Ball, location: 2F 1-2: Foul Ball, location: 2F 1-2: Grounds into double play, U3-6 (Groundball, 3L, EV 83.1 MPH)
|
|
Batting: RHB Eric Chotkowski
|
0-0: Called Strike 0-1: Fly out, F4 (Popup, 34S, EV 83.1 MPH)
|
| Bottom of the 10th over - 0 runs, 0 hits, 0 errors, 0 left on base; Seattle 1 - Houston 1 |
| TOP OF THE 11TH |
|
Seattle Mariners batting - Pitching for Houston Astros : RHP Aaron Shapiro
|
|
Batting: RHB Harutomi Matsubara
|
0-0: Swinging Strike 0-1: Foul Ball, location: 2F 0-2: Ball 1-2: Foul Ball, location: 2F 1-2: Ball 2-2: Foul Ball, location: 2F 2-2: Foul Ball, location: 2F 2-2: Foul Ball, location: 2F 2-2: Strikes out swinging
|
|
Batting: RHB Corey Ottinger
|
0-0: Called Strike 0-1: Ball 1-1: Ball 2-1: Foul Ball, location: 2F 2-2: SINGLE (Line Drive, 34D, EV 102.5 MPH)
|
|
Batting: LHB Jerrod Cluck
|
0-0: Ball 1-0: Ball 2-0: Foul Ball, location: 2F 2-1: Ball Wild Pitch! Corey Ottinger to second 3-1: Intentional Walk
|
|
Batting: RHB Young-kwang Ohnn
|
0-0: Called Strike 0-1: Ball 1-1: Ball 2-1: Called Strike 2-2: Strikes out swinging
|
|
Pitching: RHP John Mathis
|
|
|
Batting: LHB Dae-ik Yoon
|
0-0: Ball 1-0: Ball Passed Ball! Corey Ottinger to third Jerrod Cluck to second 2-0: Foul Ball, location: 2F 2-1: Foul Ball, location: 2F 2-2: Ball 3-2: Base on Balls
|
|
Batting: RHB Jose Vasquez
|
0-0: Fly out, F2 (Popup, 25F, EV 76.9 MPH)
|
| Top of the 11th over - 0 runs, 1 hit, 0 errors, 3 left on base; Seattle 1 - Houston 1 |
| BOTTOM OF THE 11TH |
|
Houston Astros batting - Pitching for Seattle Mariners : LHP Lance Crumpton
|
|
Batting: RHB Mark Marks
|
0-0: Called Strike 0-1: Ball 1-1: Foul Ball, location: 2F 1-2: Strikes out swinging
|
|
Batting: SHB Rich Chavez
|
0-0: Called Strike 0-1: Ball 1-1: SINGLE (Flyball, 8RS, EV 98.1 MPH)
|
|
Pitching: LHP David Anaya
|
|
|
Batting: LHB Eric Katz
|
0-0: Called Strike 0-1: Ball 1-1: Ground out 5-3 (Groundball, 5, EV 85.0 MPH) Rich Chavez to second
|
|
Batting: SHB Jason Woods
|
0-0: Ball 1-0: Ball 2-0: Fly out, F8 (Line Drive, 78M, EV 93.8 MPH)
|
| Bottom of the 11th over - 0 runs, 1 hit, 0 errors, 1 left on base; Seattle 1 - Houston 1 |
| TOP OF THE 12TH |
|
Seattle Mariners batting - Pitching for Houston Astros : RHP John Mathis
|
|
Batting: SHB Floyd-William Goof
|
0-0: Called Strike 0-1: Ball 1-1: Swinging Strike 1-2: Foul Ball, location: 2F 1-2: Ball 2-2: Ball 3-2: Foul Ball, location: 2F 3-2: Fly out, F8 (Flyball, 8LM, EV 89.4 MPH)
|
|
Batting: SHB Robbie Rogers
|
0-0: Foul Ball, location: 2F 0-1: Ball 1-1: Ball 2-1: Ground out U3 (Groundball, 3, EV 83.1 MPH)
|
|
Batting: RHB Pavpv Ivanushkin
|
0-0: Called Strike 0-1: Ground out 5-3 (Groundball, 56, EV 84.4 MPH)
|
| Top of the 12th over - 0 runs, 0 hits, 0 errors, 0 left on base; Seattle 1 - Houston 1 |
| BOTTOM OF THE 12TH |
|
Houston Astros batting - Pitching for Seattle Mariners : LHP David Anaya
|
|
Batting: RHB Danny Merrill
|
0-0: Foul Ball, location: 2F 0-1: Foul Ball, location: 2F 0-2: Ball 1-2: Foul Ball, location: 2F 1-2: SINGLE (Line Drive, 56D, EV 98.1 MPH)
|
|
Batting: RHB Jeremy Trump
|
0-0: Ball 1-0: Swinging Strike 1-1: Ball 2-1: Called Strike 2-2: Grounds into double play, 6-4-3 (Groundball, 6M, EV 107.5 MPH)
|
|
Batting: RHB Chris Lane
|
0-0: Ball 1-0: Ball 2-0: Foul Ball, location: 2F 2-1: Ball 3-1: Foul Ball, location: 2F 3-2: Strikes out swinging
|
| Bottom of the 12th over - 0 runs, 1 hit, 0 errors, 0 left on base; Seattle 1 - Houston 1 |
| TOP OF THE 13TH |
|
Seattle Mariners batting - Pitching for Houston Astros : RHP John Mathis
|
|
Batting: RHB Harutomi Matsubara
|
0-0: Called Strike 0-1: Called Strike 0-2: Ball 1-2: Strikes out swinging
|
|
Batting: RHB Corey Ottinger
|
0-0: Ball 1-0: Ball 2-0: Called Strike 2-1: Ground out 6-3 (Groundball, 6, EV 80.0 MPH)
|
|
Batting: LHB Jerrod Cluck
|
0-0: Called Strike 0-1: Fly out, F7 (Flyball, 7S, EV 80.6 MPH)
|
| Top of the 13th over - 0 runs, 0 hits, 0 errors, 0 left on base; Seattle 1 - Houston 1 |
| BOTTOM OF THE 13TH |
|
Houston Astros batting - Pitching for Seattle Mariners : LHP David Anaya
|
|
Batting: LHB Bryce Hill
|
0-0: Ball 1-0: Fly out, F7 (Flyball, 7D, EV 88.8 MPH)
|
|
Batting: RHB Eric Chotkowski
|
0-0: Swinging Strike 0-1: Ball 1-1: Foul Ball, location: 2F 1-2: Strikes out swinging
|
|
Pitching: RHP Willie Sanchez
|
|
|
Batting: RHB Mark Marks
|
0-0: Ground out U3 (Groundball, 34S, EV 68.8 MPH)
|
| Bottom of the 13th over - 0 runs, 0 hits, 0 errors, 0 left on base; Seattle 1 - Houston 1 |
| TOP OF THE 14TH |
|
Seattle Mariners batting - Pitching for Houston Astros : RHP John Mathis
|
|
Batting: RHB Young-kwang Ohnn
|
0-0: Called Strike 0-1: Swinging Strike 0-2: Strikes out swinging
|
|
Batting: LHB Dae-ik Yoon
|
0-0: Ball 1-0: Ball 2-0: Ball 3-0: Base on Balls
|
|
Pitching: RHP Willie Jimenez
|
|
|
Batting: RHB Jose Vasquez
|
0-0: Ball Dae-ik Yoon steals 2nd, throwing error, E2 Dae-ik Yoon to third 1-0: Called Strike 1-1: Ball 2-1: Ground out 4-3 (Groundball, 4S, EV 85.6 MPH)
|
|
Batting: SHB Floyd-William Goof
|
0-0: Intentional Walk
|
|
Batting: SHB Robbie Rogers
|
0-0: Ball 1-0: Called Strike 1-1: Foul Ball, location: 2F 1-2: Ball 2-2: SINGLE (Groundball, 4D, EV 99.4 MPH) Dae-ik Yoon scores Floyd-William Goof to second Runner from 2nd tries for 3rd, SAFE, throw by RF made to third
|
|
Batting: RHB Pavpv Ivanushkin
|
0-0: Ball 1-0: Ball Wild Pitch! Floyd-William Goof scores Robbie Rogers to second 2-0: Ball 3-0: Base on Balls
|
|
Batting: RHB Harutomi Matsubara
|
0-0: Ball 1-0: SINGLE (Line Drive, 8LS, EV 109.4 MPH) Robbie Rogers to third Pavpv Ivanushkin to second
|
|
Batting: RHB Corey Ottinger
|
0-0: Called Strike 0-1: Foul Ball, location: 2F 0-2: Ball 1-2: Strikes out swinging
|
| Top of the 14th over - 2 runs, 2 hits, 1 error, 3 left on base; Seattle 3 - Houston 1 |
| BOTTOM OF THE 14TH |
|
Houston Astros batting - Pitching for Seattle Mariners : RHP Willie Sanchez
|
|
Now at 2B: Malik Brookshire
|
|
|
Batting: SHB Rich Chavez
|
0-0: Ball 1-0: Swinging Strike 1-1: Swinging Strike 1-2: Strikes out swinging
|
|
Batting: LHB Eric Katz
|
0-0: Ball 1-0: Ball 2-0: Called Strike 2-1: Ball 3-1: Fly out, F8 (Line Drive, 8LS, EV 105.0 MPH)
|
|
Batting: SHB Jason Woods
|
0-0: Ball 1-0: Ball 2-0: Ball 3-0: Base on Balls
|
|
Batting: RHB Danny Merrill
|
0-0: Foul Ball, location: 2F 0-1: Ball 1-1: Swinging Strike 1-2: Ball 2-2: Strikes out looking
|
| Bottom of the 14th over - 0 runs, 0 hits, 0 errors, 1 left on base; Seattle 3 - Houston 1 |
|